Map: Bridgehead LE (Void)

Players

mTxSipa

  • Race: Protoss Protoss
  • League: Bronze

CunningStunt - Winner!

  • Race: Protoss Protoss
  • League: Gold

VOD

Have the link to the VOD?

Description

Time

  • Played on: Sept. 12, 2015, 5:05 a.m.
  • Length: 10:33
Show
View Real Time Build Order
Export as new Build Order

mTxSipa Protoss 

Build Orders:  

Get SALT Encoding   

  12  0:00  Probe (Chrono Boost)  
  13  0:15  Pylon  
  13  0:18  Probe (Chrono Boost)  
  14  0:28  Probe (Chrono Boost)  
  15  0:36  Gateway  
  15  0:38  Probe (Chrono Boost)  
  16  0:48  Assimilator  
  16  0:51  Probe (Chrono Boost)  
  17  1:01  Probe (Chrono Boost)  
  18  1:12  Probe (Chrono Boost)  
  19  1:22  Probe (Chrono Boost)  
  20  1:27  Cybernetics Core  
  20  1:29  Assimilator  
  20  1:32  Probe (Chrono Boost)  
  21  1:53  Nexus  
  21  1:56  Probe (Chrono Boost)  
  22  2:05  Pylon  
  22  2:11  Warp Gate  
  22  2:23  Mothership Core (Chrono Boost)  
  24  2:36  Robotics Facility  
  24  2:41  Probe (Chrono Boost)  
  25  2:51  Probe (Chrono Boost)  
  25  2:56  Stalker  
  28  3:01  Probe (Chrono Boost)  
  29  3:06  Probe (Chrono Boost)  
  29  3:07  Gateway  
  30  3:14  Probe (Chrono Boost)  
  31  3:23  Gateway  
  31  3:24  Observer  
  32  3:32  Stalker  
  34  3:35  Probe (Chrono Boost)  
  35  3:42  Probe (Chrono Boost)  
  35  3:44  Pylon  
  35  3:45  Probe (Chrono Boost)  
  37  3:52  Probe (Chrono Boost)  
  37  3:54  Sentry  
  40  3:59  Probe (Chrono Boost)  
  40  4:01  Immortal (Chrono Boost)  
  45  4:04  Probe (Chrono Boost)  
  45  4:09  Probe (Chrono Boost)  
  47  4:14  Probe (Chrono Boost), Assimilator  
  47  4:16  Assimilator  
  44  4:35  Stalker  
  44  4:36  Stalker  
  48  4:40  Immortal (Chrono Boost)  
  52  4:47  Probe (Chrono Boost)  
  52  4:52  Probe (Chrono Boost)  
  49  5:12  Stalker x3  
  52  5:15  Probe x2 (Chrono Boost)  
  54  5:39  Pylon  
  54  5:40  Pylon  
  54  5:47  Pylon  
  54  5:55  Pylon  
  54  5:57  Probe x2 (Chrono Boost), Immortal  
  60  6:07  Probe x2 (Chrono Boost)  
  62  6:11  Pylon  
  62  6:14  Forge  
  62  6:17  Probe x2 (Chrono Boost)  
  62  6:18  Sentry x3  
  70  6:27  Probe x2 (Chrono Boost)  
  72  6:37  Probe x2 (Chrono Boost)  
  74  6:47  Probe (Chrono Boost)  
  74  6:51  Photon Cannon  
  75  6:59  Probe (Chrono Boost)  
  75  7:01  Photon Cannon  
  76  7:04  Probe (Chrono Boost), Photon Cannon  
  77  7:09  Probe (Chrono Boost)  
  77  7:13  Probe (Chrono Boost), Protoss Ground Weapons Level 1 (Chrono Boost)  
  77  7:14  Immortal  
  83  7:19  Probe  
  83  7:22  Probe  
  85  7:31  Probe  
  85  7:33  Probe, Pylon  
  87  7:43  Probe  
  87  7:44  Probe  
  88  7:45  Gateway  
  88  7:46  Gateway  
  88  7:47  Gateway  
  88  7:49  Robotics Bay  
  89  7:54  Probe  
  89  7:55  Probe  
  91  8:07  Probe  
  91  8:12  Stalker x3  
  98  8:29  Nexus  
  98  8:31  Probe, Pylon  
  99  8:34  Pylon  
  99  8:38  Pylon  
  99  9:00  Stalker  
  99  9:01  Stalker x2  
  105  9:13  Stalker  
  105  9:14  Stalker x2  
  111  9:40  Assimilator  
  111  9:44  Assimilator  
  111  9:48  Photon Cannon x2  
  111  9:50  Stalker x2  
  111  9:52  Zealot, Pylon  
  117  9:53  Zealot x3, Photon Cannon  
  117  9:58  Pylon  
  91  10:23  Zealot x4  
  91  10:24  Zealot x2  
Show
View Real Time Build Order
Export as new Build Order

CunningStunt Protoss - Winner!

Build Orders: 1 Gate Expand 

Get SALT Encoding   

  12  0:01  Probe (Chrono Boost)  
  13  0:11  Probe (Chrono Boost)  
  14  0:18  Pylon  
  14  0:22  Probe (Chrono Boost)  
  15  0:36  Probe (Chrono Boost)  
  15  0:40  Gateway  
  16  0:46  Probe (Chrono Boost)  
  17  0:56  Probe (Chrono Boost)  
  18  1:15  Nexus  
  18  1:25  Assimilator  
  18  1:28  Cybernetics Core  
  18  1:31  Probe (Chrono Boost)  
  19  1:37  Assimilator  
  19  1:41  Probe (Chrono Boost)  
  20  1:51  Probe (Chrono Boost)  
  21  1:56  Pylon  
  21  2:02  Probe (Chrono Boost)  
  22  2:12  Probe (Chrono Boost)  
  23  2:22  Mothership Core (Chrono Boost)  
  25  2:28  Adept (Chrono Boost)  
  27  2:30  Probe (Chrono Boost)  
  27  2:34  Warp Gate  
  28  2:40  Probe (Chrono Boost)  
  29  2:44  Probe (Chrono Boost)  
  29  2:51  Probe  
  31  2:54  Probe  
  32  3:01  Pylon  
  32  3:03  Probe  
  32  3:05  Probe  
  33  3:07  Stargate  
  33  3:09  Adept (Chrono Boost)  
  36  3:15  Probe x2  
  36  3:18  Assimilator  
  38  3:21  Assimilator  
  38  3:27  Probe x2 (Chrono Boost)  
  40  3:38  Probe (Chrono Boost)  
  41  3:41  Gateway  
  41  3:43  Probe (Chrono Boost)  
  41  3:46  Robotics Facility  
  41  3:48  Probe (Chrono Boost)  
  42  3:53  Probe (Chrono Boost)  
  44  3:58  Probe (Chrono Boost)  
  49  4:03  Oracle  
  49  4:06  Probe (Chrono Boost)  
  49  4:08  Probe (Chrono Boost)  
  50  4:14  Pylon  
  50  4:16  Probe (Chrono Boost)  
  51  4:41  Void Ray  
  55  4:49  Fleet Beacon  
  55  4:53  Probe x2 (Chrono Boost)  
  55  4:58  Stargate  
  57  5:00  Gateway  
  57  5:03  Probe x2 (Chrono Boost), Gateway  
  57  5:06  Observer  
  60  5:13  Probe x2 (Chrono Boost)  
  62  5:35  Pylon  
  62  5:43  Pylon  
  62  5:45  Carrier (Chrono Boost)  
  62  5:50  Carrier (Chrono Boost)  
  62  5:52  Nexus  
  62  5:53  Probe (Chrono Boost), Observer  
  62  5:56  Pylon  
  66  5:59  Pylon  
  66  6:02  Probe (Chrono Boost), Pylon  
  66  6:03  Probe (Chrono Boost), Pylon  
  68  6:05  Pylon  
  74  6:13  Probe  
  79  6:25  Probe x2  
  81  6:37  Probe x2  
  83  6:44  Protoss Air Weapons Level 1  
  83  6:48  Zealot x4  
  83  6:49  Probe  
  93  6:54  Probe  
  93  6:56  Carrier (Chrono Boost)  
  93  7:01  Probe  
  93  7:03  Cybernetics Core  
  93  7:04  Probe  
  93  7:05  Forge  
  93  7:06  Probe  
  93  7:07  Gateway, Pylon  
  96  7:11  Carrier (Chrono Boost)  
  96  7:13  Probe, Assimilator  
  96  7:15  Probe  
  97  7:17  Assimilator  
  97  7:18  Probe  
  105  7:23  Pylon  
  105  7:25  Probe  
  106  7:33  Graviton Catapult  
  106  7:34  Probe  
  106  7:36  Probe  
  114  7:38  Probe  
  115  7:48  Probe  
  115  7:49  Gateway  
  116  7:52  Probe  
  116  7:55  Carrier (Chrono Boost)  
  116  7:57  Pylon  
  117  8:05  Nexus  
  117  8:08  Assimilator  
  117  8:10  Assimilator  
  117  8:13  Carrier (Chrono Boost)  
  123  8:24  Twilight Council  
  123  8:29  Pylon  
  123  8:31  Probe x2, Pylon  
  131  8:35  Probe  
  132  8:43  Probe  
  133  8:49  Carrier (Chrono Boost)  
  133  9:06  Carrier (Chrono Boost)  
  139  9:10  Pylon  
  139  9:16  Zealot x4  
  153  9:38  Zealot x5  
  163  9:47  Pylon  
  163  9:49  Pylon  
  163  9:58  Photon Cannon  
  164  10:15  Zealot x2  
  164  10:16  Zealot x4  
Tags
 
Add a new tag
Caveats
  • Supply blocks, unpowered buildings, or Contaminate may cause inaccurate times.
  • Supply counts are checked every 10 seconds.